 Dungeon Crawl Stone Soup version 0.27-a0-1359-ga2a4dfd6fd (webtiles) character file.

Game seed: 6375045881060637644

9796 ABBCCCDDDD the Covert (level 11, -8/62 HPs)
             Began as a Kobold Conjurer on June 28, 2021.
             Was a Believer of Vehumet.
             Mangled by a sixfirhy (9 damage)
             ... summoned by an orc sorcerer
             ... on level 2 of the Orcish Mines.
             The game lasted 01:28:52 (22054 turns).

ABBCCCDDDD the Covert (Kobold Conjurer)            Turns: 22054, Time: 01:28:52

Health: -8/62      AC:  5    Str:  5    XL:     11   Next: 81%
Magic:  8/20       EV: 18    Int: 22    God:    Vehumet [**....]
Gold:   1015       SH:  0    Dex: 14    Spells: 4/23 levels left

rFire    + . .     SeeInvis +   C - +2 dagger (venom)
rCold    + . .     Faith    .   (shield restricted)
rNeg     + . .     Spirit   .   n - +0 leather armour
rPois    .         Reflect  .   (no helmet)
rElec    .         Harm     .   y - scarf {rC+ rF+}
rCorr    .         Rampage  .   r - +0 pair of gloves of the Gusle {rN+ Stlth+}
Will     .....                  b - +0 pair of boots
Stlth    ++++++....             (no amulet)
HPRegen  0.20/turn              K - +4 ring of evasion
MPRegen  0.17/turn              p - ring of see invisible

@: no status effects
A: small, no large weapons, nightstalker 3
a: Renounce Religion


You were on level 2 of the Orcish Mines.
You worshipped Vehumet.
Vehumet was pleased with you.
You visited 4 branches of the dungeon, and saw 15 of its levels.
You also visited: Sewer.

You collected 1394 gold pieces.
You spent 379 gold pieces at shops.

Inventory:

Hand Weapons
 z - a +4 dagger
 C - a +2 dagger of venom (weapon)
 I - a +8 mace of holy wrath
Missiles
 g - 15 boomerangs
 m - 5 boomerangs of dispersal
 s - 4 throwing nets
 w - 6 curare-tipped darts
 x - 42 poisoned darts
Armour
 b - a +0 pair of boots (worn)
 n - a +0 leather armour (worn)
 r - the +0 pair of gloves of the Gusle (worn) {rN+ Stlth+}
   (You found it on level 4 of the Dungeon)

   rN:        It protects you from negative energy.
   Stlth:     It makes you more stealthy.
 y - a scarf of resistance (worn)
 E - a +1 ring mail of fire resistance
 N - the +2 ring mail "Bidopirphub" {*Slow rN++ SInv}
   (You bought it in a shop on level 2 of the Dungeon)

   rN:        It greatly protects you from negative energy.
   SInv:      It lets you see invisible.
   *Slow:     It may slow you when you take damage.
Jewellery
 h - a +4 ring of slaying
 p - a ring of see invisible (right hand)
 u - a ring of protection from cold
 G - a ring of wizardry
 K - a +4 ring of evasion (left hand)
 M - an amulet of the acrobat
 T - a ring of flight
Wands
 c - a wand of flame (27)
 o - a wand of iceblast (1)
 q - a wand of mindburst (7)
 H - a wand of paralysis (3)
 S - a wand of acid (4)
Scrolls
 d - 10 scrolls of teleportation {unknown}
 f - 2 scrolls of fog
 j - 4 scrolls of enchant weapon
 t - a scroll of noise {unknown}
 B - 3 scrolls of identify
 L - a scroll of enchant armour {unknown}
 O - 2 scrolls of amnesia {unknown}
 Q - 2 scrolls of torment {unknown}
 R - a scroll of brand weapon {unknown}
Potions
 a - a potion of ambrosia {unknown}
 e - a potion of lignification
 k - 4 potions of mutation {unknown}
 l - 7 potions of curing
 v - 4 potions of cancellation {unknown}
 A - a potion of invisibility {unknown}
 D - a potion of might
 F - 2 potions of flight
 J - 2 potions of attraction
Miscellaneous
 P - a piece from Xom's chessboard (15/15)


   Skills:
 - Level 4.4 Fighting
 - Level 3.0 Short Blades
 - Level 3.5 Dodging
 - Level 9.0 Stealth
 - Level 6.5 Spellcasting
 - Level 9.0 Conjurations
 - Level 3.7 Hexes
 - Level 6.3 Summonings
 - Level 3.1 Translocations
 - Level 6.9 Ice Magic
 * Level 2.0 Air Magic
 + Level 5.7 Evocations


You had 4 spell levels left.
You knew the following spells:

 Your Spells              Type           Power      Damage    Failure   Level
a - Magic Dart            Conj           100%       1d8       1%          1
b - Searing Ray           Conj           94%        3d6       1%          2
c - Summon Guardian Gole  Hex/Summ       29%        N/A       5%          3
d - Summon Ice Beast      Ice/Summ       36%        N/A       10%         4
e - Apportation           Tloc           40%        N/A       4%          1
f - Iskenderun's Mystic   Conj/Tloc      34%        2d8       12%         4
g - Summon Lightning Spi  Summ/Air       25%        N/A       26%         4

Your spell library contained the following spells:

 Spells                   Type           Power      Damage    Failure   Level
 Conjure Flame            Conj/Fire      27%        6-21      7%          3
 Summon Small Mammal      Summ           100%       N/A       1%          1
 Call Imp                 Summ           35%        N/A       1%          2
 Corona                   Hex            25%        N/A       3%          1
 Call Canine Familiar     Summ           35%        N/A       3%          3
 Dazzling Flash           Conj/Hex       70%        N/A       3%          3
 Fulminant Prism          Conj/Hex       17%        3d11      11%         4
 Animate Skeleton         Necr           14%        N/A       14%         1


Dungeon Overview and Level Annotations

Branches:
Dungeon (11/15)            Temple (1/1) D:7            Lair (1/6) D:10
    Orc (2/2) D:10          Sewer (visited)
    Elf: Orc:2

Altars:
Ashenzari
Cheibriados
Dithmenos
Elyvilon
Fedhas
Gozag
Hepliaklqana
Kikubaaqudgha
Makhleb
Nemelex Xobeh
Okawaru
Qazlal
Ru
Sif Muna
Trog
Uskayaw
Vehumet
Wu Jian
Xom
Yredelemnul
Zin
The Shining One

Shops:
D:1 :   D:2 =[[!=   D:4 *   Orc:2 (

Annotations:
Orc:1 1 transporter


Innate Abilities, Weirdness & Mutations

You are small and have problems with some larger weapons.
You are completely attuned to the shadows.


Message History

An orc sorcerer comes into view. It is wielding a +2 dagger of freezing.
The orc barely misses you.
You swap places.
Things that are here:
a +0 battleaxe; a +2 chain mail of fire resistance; an orc corpse You see here a +0 club.
Casting: Summon Ice Beast (dangerous; 10% risk of failure)
Confirm with . or Enter, or press ? or * to list all spells.
A chill wind blows around you.
An orc comes into view. It is wielding a +0 trident.
The orc hits you with a +0 club.
Your ice beast hits the orc.
Your ice beast freezes the orc!
The orc dies!
Vehumet accepts your kill.
Your ice beast disappears in a puff of smoke!
The orc sorcerer shouts, "You are history!"
The orc warrior barely misses you.
Your ice beast hits the orc warrior.
Your ice beast freezes the orc warrior!
The orc warrior barely misses you.
The orc hits your ice beast with a +0 flail!
The orc sorcerer hits your ice beast with a +2 dagger of freezing.
Your ice beast misses the orc sorcerer.
Your ice beast hits the orc sorcerer.
Your ice beast freezes the orc sorcerer!
Something barely misses your ice beast.
Your ice beast hits the orc sorcerer but does no damage.
The orc sorcerer casts a spell.
The sixfirhy hits you! The sixfirhy shocks you!
The sixfirhy hits you but does no damage.
The sixfirhy closely misses you. The sixfirhy hits you!
The sixfirhy shocks you!
* * * LOW HITPOINT WARNING * * *
The sixfirhy hits you.
* * * LOW HITPOINT WARNING * * *
The sixfirhy shocks you!
* * * LOW HITPOINT WARNING * * *
The sixfirhy closely misses you. The sixfirhy hits you.
* * * LOW HITPOINT WARNING * * *
The sixfirhy shocks you!
You die...

..#..............
...#.........§...
#............§o§.
#.........o..§§)) ###
.............§..) ####.###
#.#..oY.Y.....§..
####.#....#####..############
##.....#.....##o..# . .
##.....###....@#...# ..
..#..............3..## #..
...<.............#.##
............#.^....##
#...........#.......##
#....................#
........ ........#.##
......##### ......#


You could see a sixfirhy (summoned).

Vanquished Creatures
  A two-headed ogre (D:9)
  A cane toad (Lair:1)
  A troll (D:10)
  2 hornets (D:9)
  A meliai zombie (D:10)
  3 wyverns
  A basilisk (shapeshifter) (D:8)
  4 yaks
  A vampire mosquito (D:10)
  A steam dragon (D:7)
  Menkaure (D:4)
  3 ice beasts
  2 sky beasts
  Purgy (D:4)
  A hornet zombie (D:7)
  2 ogres
  8 orc warriors
  3 centaurs
  A phantom (D:5)
  6 kobold brigands
  A bullfrog (D:7)
  4 scorpions
  A wyvern zombie (D:7)
  A water moccasin zombie (D:5)
  A wyvern skeleton (D:7)
  A water moccasin skeleton (D:7)
  7 killer bees
  3 wights (D:5)
  3 electric eels (D:10)
  3 centaur zombies
  3 centaur skeletons
  5 hounds
  A gnoll shaman (D:6)
  7 orc priests
  2 bullfrog skeletons
  Ijyb (D:3)
  2 iguanas
  14 orc wizards
  3 howler monkey zombies
  9 gnolls
  8 adders
  A river rat (Sewer)
  3 white imps (D:6)
  An ufetubus (D:6)
  7 worms
  3 dart slugs
  58 orcs
  8 bats
  12 endoplasms
  5 giant cockroaches
  3 goblins
  5 hobgoblins
  5 jackals
  4 quokkas
  9 ball pythons
  6 frilled lizards
  12 kobolds
  8 rats
274 creatures vanquished.

Vanquished Creatures (collateral kills)
  Harold (D:7)
  A cyclops (D:8)
  A troll (D:10)
  10 yaks
  2 wargs (Orc:1)
  A black bear (D:7)
  3 orc warriors
  A wolf (D:10)
  An ogre (D:7)
  A kobold brigand (D:9)
  A hound (D:10)
  A bullfrog skeleton (D:7)
  A gnoll shaman (D:9)
  An orc wizard (Orc:2)
  2 howler monkey zombies
  10 orcs
38 creatures vanquished.

Vanquished Creatures (others)
  2 fungi (Lair:1)
  20 plants
22 creatures vanquished.

Grand Total: 334 creatures vanquished

Notes
Turn   | Place    | Note
-------+----------+-------------------------------------------
     0 | D:1      | ABBCCCDDDD the Kobold Conjurer began the quest for the Orb.
     0 | D:1      | Reached XP level 1. HP: 10/10 MP: 3/3
   194 | D:1      | Reached XP level 2. HP: 16/16 MP: 0/5
   695 | D:1      | Found Yloto's Book Boutique.
   899 | D:1      | Reached skill level 1 in Fighting
   930 | D:1      | Reached XP level 3. HP: 20/20 MP: 0/6
  2121 | D:2      | Found Cuingir's Jewellery Shop.
  2321 | D:2      | Found Echu's Distillery.
  2347 | D:2      | Bought a potion of lignification for 33 gold pieces
  2347 | D:2      | Bought a potion of heal wounds for 55 gold pieces
  2525 | D:2      | Reached XP level 4. HP: 26/26 MP: 1/7
  2616 | D:2      | Found Sam Wahyizi's Jewellery Boutique.
  2656 | D:2      | Found Guihib's Antique Armour Boutique.
  3091 | D:2      | Found Vufoim's Armour Shoppe.
  3272 | D:3      | Found a faded altar of an unknown god.
  3273 | D:3      | Found a sparkling altar of Nemelex Xobeh.
  3892 | D:3      | Noticed Ijyb
  4031 | D:3      | Reached XP level 5. HP: 24/30 MP: 2/9
  4338 | D:3      | Learned a level 2 spell: Searing Ray
  4605 | D:4      | Noticed Purgy
  4681 | D:4      | Noticed Menkaure
  5044 | D:3      | Killed Ijyb
  5205 | D:4      | Found a stormy altar of Qazlal.
  5451 | D:4      | Learned a level 3 spell: Summon Guardian Golem
  5537 | D:4      | Identified the +0 pair of gloves of the Gusle {rN+ Stlth+}
  5564 | D:4      | Reached skill level 1 in Short Blades
  5564 | D:4      | Reached skill level 1 in Evocations
  5564 | D:4      | Reached XP level 6. HP: 33/35 MP: 3/10
  5773 | D:4      | Found Tuvy's Lightly-Used Armoury.
  5972 | D:4      | Killed Menkaure
  5973 | D:4      | Reached skill level 1 in Hexes
  5973 | D:4      | Reached skill level 1 in Summonings
  6109 | D:4      | Reached XP level 7. HP: 40/40 MP: 5/11
  6315 | D:4      | Killed Purgy
  6712 | D:5      | Entered Level 5 of the Dungeon
  6773 | D:5      | Reached skill level 5 in Conjurations
  6828 | D:5      | Found a glowing drain.
  6857 | Sewer    | Entered a sewer
  7302 | Sewer    | Reached XP level 8. HP: 44/44 MP: 8/12
  8023 | Sewer    | Reached skill level 5 in Stealth
  8755 | D:5      | Found an opulent altar of Gozag.
  8895 | D:5      | Learned a level 4 spell: Summon Ice Beast
  8945 | D:5      | Learned a level 1 spell: Apportation
  9198 | D:6      | Reached skill level 1 in Ice Magic
  9207 | D:6      | Reached XP level 9. HP: 47/50 MP: 6/13
  9456 | D:6      | Found a broken altar of Ashenzari.
  9532 | D:6      | HP: 1/50 [wyvern (12)]
 10485 | D:6      | Found an ornate altar of the Wu Jian Council.
 11088 | D:5      | Reached skill level 5 in Summonings
 11945 | D:7      | Reached skill level 5 in Ice Magic
 12186 | D:7      | Reached XP level 10. HP: 56/56 MP: 8/14
 12243 | D:7      | Noticed Harold
 12291 | D:7      | Paralysed by Harold for 2 turns
 12308 | D:7      | Killed Harold
 13514 | D:7      | Found a staircase to the Ecumenical Temple.
 13521 | Temple   | Entered the Ecumenical Temple
 13656 | Temple   | Became a worshipper of Vehumet
 13850 | D:7      | Found a hide-covered altar of Uskayaw.
 14380 | D:8      | Noticed a cyclops
 14402 | D:8      | HP: 2/56 [cyclops/large rock (31)]
 14409 | D:8      | Killed a cyclops
 14648 | D:8      | Identified the +1 ring mail "Byesor" {*Corrode rF- Regen+
                  | Stlth+}
 15512 | D:1      | Learned a level 4 spell: Iskenderun's Mystic Blast
 15560 | D:2      | Bought a potion of flight for 33 gold pieces
 15560 | D:2      | Bought a potion of attraction for 33 gold pieces
 15612 | D:2      | Bought a distressingly furry ring mail for 225 gold pieces
 15612 | D:2      | Identified the +2 ring mail "Bidopirphub" {*Slow rN++ SInv}
                  | (You bought it in a shop on level 2 of the Dungeon)
 16079 | D:9      | Noticed a two-headed ogre
 16337 | D:9      | Reached skill level 1 in Translocations
 16349 | D:9      | Reached skill level 5 in Spellcasting
 16630 | D:9      | Killed a two-headed ogre
 16631 | D:9      | Reached XP level 11. HP: 54/60 MP: 11/19
 17023 | D:10     | Entered Level 10 of the Dungeon
 17081 | D:10     | Reached * piety under Vehumet
 17081 | D:10     | Offered knowledge of Freeze by Vehumet.
 17398 | D:10     | Noticed a two-headed ogre
 18874 | D:10     | Found a shadowy altar of Dithmenos.
 18978 | D:10     | Found a staircase to the Orcish Mines.
 19055 | D:10     | Reached skill level 5 in Evocations
 19083 | D:10     | Reached ** piety under Vehumet
 19083 | D:10     | Offered knowledge of Poisonous Vapours by Vehumet.
 20128 | D:10     | Found a hazy altar of Hepliaklqana.
 20223 | D:10     | Found a staircase to the Lair.
 20345 | Lair:1   | Entered Level 1 of the Lair of Beasts
 20463 | Lair:1   | Found a shimmering altar of Xom.
 20797 | D:8      | Learned a level 4 spell: Summon Lightning Spire
 20841 | Orc:1    | Entered Level 1 of the Orcish Mines
 21067 | Orc:1    | Reached skill level 1 in Air Magic
 21719 | Orc:1    | Found a transporter.
 21720 | Orc:1    | Noticed a moth of wrath
 21727 | Orc:1    | Noticed a moth of wrath
 21869 | Orc:2    | Entered Level 2 of the Orcish Mines
 21919 | Orc:2    | Found Weycwi's Weapon Emporium.
 22013 | Orc:2    | Offered knowledge of Conjure Flame by Vehumet.
 22036 | Orc:2    | Noticed an orc sorcerer
 22048 | Orc:2    | Noticed a sixfirhy
 22054 | Orc:2    | HP: 1/62 [sixfirhy[an orc sorcerer] (3)]
 22054 | Orc:2    | Mangled by a sixfirhy

Illustrated notes

Levels and vault maps discovered:
D:1:      wander_arrival_peaceful_grave, layout_basic, serial_shops,
          nicolae_shop_statue_plus
D:2:      layout_loops_cross, serial_shops, nicolae_shop_statue_plus, shop,
          shop_fountains, nicolae_diamond_shop, nicolae_diamond_shop,
          minmay_misc_feat_nine_boxes
D:3:      layout_basic, nicolae_overflow_hidden_temple, basic_ecumenical_altar,
          chequers_serial_rivers_large_b, minmay_bisected, uniq_ijyb
D:4:      layout_cave_pods, nicolae_overflow_crystal_walls, minmay_shop_damaged,
          skrybe_limestone_x, uniq_menkaure, uniq_purgy
D:5:      layout_basic, nicolae_gozag_cash_rules_everything_around_me,
          cheibrodos_sewer_entry_sluice, minmay_door_square
D:6:      layout_rooms, kennysheep_mini_moat, lemuel_doored_altar,
          dk_noncrumbling_3
D:7:      layout_basic, lemuel_tele_altar, temple_green,
          hangedman_minor_gate_pass, uniq_harold
D:8:      layout_basic
D:9:      layout_cave_pools, kennysheep_nub, minmay_starry_boxes
D:10:     layout_roguey [special_room_orc], nicolae_hepliaklqana_hazy_memory,
          lemuel_round_altar, erik_lair_island, david_orc_2,
          roderic_serpentine_path
D:11:     layout_irregular_city, minivault_16
Temple:   nicolae_temple_great_sept
Lair:1:   layout_misc_corridors, basic_altar, lemuel_fruit_tree
Orc:1:    emtedronai_trogs_sanctum, layout_caves
Orc:2:    st_orc_congregation, layout_caves, gammafunk_ghost_fury_of_okawaru,
          serial_shops, shop, shop, shop, shop_coins, shop,
          nicolae_orc_lava_room, uniq_saint_roka

Skill      XL: |  1  2  3  4  5  6  7  8  9 10 11 |
---------------+----------------------------------+-----
Stealth        | 3 4 5 8 9 |  9.0
Fighting       | 1 2 3 4 |  4.4
Dodging        | 3 |  3.5
Spellcasting   | 3 5 6 |  6.5
Short Blades   | 1 3 |  3.0
Evocations     | 1 2 4 5 |  5.7
Hexes          | 1 2 3 |  3.7
Summonings     | 1 2 4 5 6 |  6.3
Conjurations   | 5 6 7 9 |  9.0
Ice Magic      | 1 5 6 |  6.9
Translocations | 2 3 |  3.1
Air Magic      | 2 |  2.0

Action                   |  1- 3 |  4- 6 |  7- 9 | 10-12 || total
-------------------------+-------+-------+-------+-------++-------
Melee: Unarmed           |     3 |       |       |       ||     3
       Dagger            |       |       |    13 |    29 ||    42
 Cast: Magic Dart        |    81 |    76 |    36 |    38 ||   231
       Searing Ray       |       |    10 |    80 |    88 ||   178
       Summon Guardian G |       |       |     1 |     2 ||     3
       Summon Ice Beast  |       |       |       |    75 ||    75
       Iskenderun's Myst |       |       |       |     1 ||     1
Evoke: Wand              |       |     3 |     2 |     4 ||     9
  Use: Scroll            |     2 |     1 |     1 |     2 ||     6
       Potion            |     1 |       |     1 |     7 ||     9
Armor: Robe              |     3 |       |       |       ||     3
       Leather armour    |       |     4 |    14 |    33 ||    51
       Skin              |       |       |       |     8 ||     8
Dodge: Dodged            |    13 |    21 |    55 |   153 ||   242

Table legend: (Time is in decaauts)
 A = Elapsed time spent in this place.
 B = Non-inter-level travel time spent in this place.
 C = Inter-level travel time spent in this place.
 D = Time resting spent in this place.
 E = Time spent auto-exploring this place.
 F = Levels seen in this place.
 G = Mean time per level.
                   A        B        C        D        E       F      G
               +--------+--------+--------+--------+--------+-----+--------+
         Total |  22344 |  20482 |   1862 |   7569 |   9104 |  16 | 1396.5 |
       Dungeon |  19716 |  17878 |   1838 |   6707 |   7849 |  11 | 1792.4 |
        Temple |    150 |    139 |     11 |      0 |    124 |   1 |  150.0 |
          Lair |    137 |    137 |      0 |     76 |     24 |   1 |  137.0 |
  Orcish Mines |    854 |    841 |     13 |    207 |    408 |   2 |  427.0 |
         Sewer |   1485 |   1485 |      0 |    579 |    698 |   1 | 1485.0 |
               +--------+--------+--------+--------+--------+-----+--------+

Top non-repeatable levels by time:
     D:7: 2720 daAuts
    D:10: 2400 daAuts
     D:3: 2314 daAuts
     D:1: 2053 daAuts
     D:9: 2022 daAuts
     D:5: 1779 daAuts
     D:8: 1774 daAuts
     D:4: 1640 daAuts
     D:6: 1629 daAuts
   Sewer: 1485 daAuts
     D:2: 1321 daAuts
   Orc:1: 670 daAuts
   Orc:2: 184 daAuts
  Temple: 150 daAuts
  Lair:1: 137 daAuts
